cohdb
Replays
Latest Replays
All Replays
Popular Replays
Top Player Replays
Match Explorer
How It Works
Community
CoH3 Stats
Reddit
Sign in to upload your games and track your stats! →
Sign in with Steam
Match 39361198
Unlisted
Match 39361198
Overview
Messages
Build Orders
End
Kettenkrad Recon Vehicle
Construct Infanterie Kompanie
Selects Mechanized Battlegroup
MG 42 Machine Gun Team
GrW 34 Mortar Team
Medical Station
Grenadier Squad
Selects Spotting Scopes
Construct Panzergrenadier Kompanie
Panzergrenadier Squad
Panzergrenadier Officer Quarters
Pak 40 Anti-tank Gun Team
Selects Wespe Self-propelled Artillery
Panzergrenadier Squad
Construct Panzer Kompanie
Selects Raid Package
MozG64
WarmHeadGaming.Job
BIOHAZARD
[LoB]Fagio
0
0
Comments
sign in to comment!
No comments posted yet!